 Dungeon Crawl Stone Soup version 0.31-a0-1529-g7bd419a0e5 (webtiles) character file.

Game seed: 12222972371627755091

28 voltaire321 the Apothecary (level 2, 0/20 HPs)
             Began as a Demonspawn Alchemist on Dec 31, 2023.
             Slain by an adder (2 damage)
             ... on level 2 of the Dungeon.
             The game lasted 00:03:01 (1126 turns).

voltaire321 the Apothecary (Demonspawn Alchemist)   Turns: 1126, Time: 00:03:02

Health: 0/20       AC:  2    Str:  8    XL:     2   Next: 96%
Magic:  1/5        EV: 12    Int: 15    God:
Gold:   49         SH:  0    Dex: 13    Spells: 4/5 levels left

rFire   . . .        e - +0 short sword
rCold   . . .        (no shield)
rNeg    . . .        a - +0 robe
rPois   .            (no helmet)
rElec   .            (no cloak)
rCorr   .            (no gloves)
SInv    .            (no boots)
Will    .....        (no amulet)
Stlth   ++           i - ring of wizardry
HPRegen 0.23/turn    f - ring of flight
MPRegen 0.09/turn

%: wizardry (x1)
@: lethally poisoned (0 -> -2), flying
A: weakness stinger 1
a: no special abilities


You were on level 2 of the Dungeon.
You visited 1 branch of the dungeon, and saw 2 of its levels.

You collected 49 gold pieces.

Inventory:

Hand Weapons
 e - a +0 short sword (weapon)
Armour
 a - a +0 robe (worn)
Jewellery
 f - a ring of flight (right hand)
 i - a ring of wizardry (left hand)
Scrolls
 g - a scroll of silence {unknown}
Potions
 b - a potion of magic
 c - a potion of degeneration {unknown}
 d - a potion of mutation {unknown}
 h - a potion of curing {unknown}


   Skills:
 + Level 0.9 Fighting
 + Level 0.6 Armour
 + Level 2.0 Dodging
 - Level 1.7 Stealth
 + Level 2.2 Spellcasting
 + Level 1.4 Conjurations
 + Level 3.2 Alchemy


You had 4 spell levels left.
You knew the following spells:

 Your Spells              Type           Power      Damage    Failure   Level
a - Sting                 Conj/Alch      32%        1d5       3%          1

Your spell library contained the following spells:

 Spells                   Type           Power      Damage    Failure   Level
 Mercury Vapours          Alch/Air       12%        N/A       7%          2
 Cigotuvi's Dreadful Rot  Necr/Alch/Air  8%         N/A       9%          2
 Mephitic Cloud           Conj/Alch/Air  6%         N/A       14%         3
 Olgreb's Toxic Radiance  Alch           11%        N/A       22%         4
 Sticky Flame             Fire/Alch      6%         2d4       38%         4
 Dispel Undead            Necr           1%         3d6       61%         4
 Martyr's Knell           Necr/Summ      1%         N/A       61%         4
 Death Channel            Necr           0%         N/A       100%        6


Dungeon Overview and Level Annotations

Branches:
Dungeon (2/15)

Altars:


Innate Abilities, Weirdness & Mutations

You have a small tail.


Message History

Aim: an adder (48% to hit)
The sting hits the adder.
The adder is poisoned.
The adder is lightly wounded.
You feel sick. The bat hits you but does no damage.
The adder bites you but does no damage. The adder completely misses you.
Aiming: Sting (safe; 3% risk of failure)
Press: ? - help, Q - select action Shift-Dir - straight line, f/p - adder
Aim: an adder (lightly wounded, poisoned, 48% to hit)
The sting hits the adder but does no damage.
The adder looks even sicker.
The adder is lightly wounded.
You feel sick. The bat misses you. The goblin barely misses you.
The adder barely misses you.
You hit the adder.
Your tail-slap misses the adder.
The adder is heavily wounded.
You feel sick. The bat hits you but does no damage.
The goblin hits you with a +0 club. The adder barely misses you.
You hit the adder.
The adder is heavily wounded.
You feel sick.
You kill the bat!
The adder bites you. The goblin closely misses you.
The adder closely misses you.
You hit the adder.
The adder is almost dead.
You feel sick.
You are no longer poisoned.
The goblin barely misses you. The adder bites you.
You are poisoned.
The adder poisons you!
You hit the goblin.
The goblin is heavily wounded.
You feel sick. The goblin closely misses you. The adder bites you.
* * * LOW HITPOINT WARNING * * *
You hit the adder but do no damage.
The adder is almost dead.
* * * LOW HITPOINT WARNING * * *
You feel sick. The adder barely misses you. The goblin closely misses you.
The adder bites you.
You die...

#####.###........
##..........####<.
#..........##
#..###.##### #..#
#.# #..# #.# #..#
#.# #..# #.. #)@#
### #Sg# #..#
........#
#######.# ... ...
##.## #..


You could see an adder (poisoned) and a goblin.

Vanquished Creatures
  3 bats
  4 endoplasms
  2 giant cockroaches
  2 goblins
  2 jackals (D:2)
  A quokka (D:1)
  4 ball pythons (D:1)
  5 kobolds (D:1)
23 creatures vanquished.

Notes
Turn   | Place    | Note
-------+----------+-------------------------------------------
     0 | D:1      | voltaire321 the Demonspawn Alchemist began the quest for
                  | the Orb.
     0 | D:1      | Reached XP level 1. HP: 13/13 MP: 3/3
   292 | D:1      | Gained mutation: You have a small tail. [demonic ancestry]
   292 | D:1      | Reached XP level 2. HP: 20/20 MP: 5/5
  1126 | D:2      | Slain by an adder

Illustrated notes

Levels and vault maps discovered:
D:1:      lightli_arrival_isolated_outpost, layout_loops_ring,
          hangedman_decor_diamond_cutter, minmay_misc_feat_doors,
          minmay_octomino_j4
D:2:      layout_loops_ring, uniq_natasha

Skill      XL: |  1  2 |
---------------+-------+-----
Dodging        | 2 |  2.0
Fighting       | |  0.9
Armour         | |  0.6
Stealth        | |  1.7
Spellcasting   | |  2.2
Conjurations   | |  1.4
Alchemy        | |  3.2

Action                     || total
---------------------------++-------
  Melee: Dagger            ||    17
         Unarmed           ||     5
         Short sword       ||    20
         Tailslap          ||     1
   Cast: Sting             ||    32
   Stab: Sleeping          ||     2
 Armour: Robe              ||    44
  Dodge: Dodged            ||    58

Table legend: (Time is in decaauts)
 A = Elapsed time spent in this place.
 B = Non-inter-level travel time spent in this place.
 C = Inter-level travel time spent in this place.
 D = Time resting spent in this place.
 E = Time spent auto-exploring this place.
 F = Levels seen in this place.
 G = Mean time per level.
                   A        B        C        D        E       F      G
               +--------+--------+--------+--------+--------+-----+--------+
         Total |   1130 |   1096 |     34 |    200 |    701 |   2 |  565.0 |
       Dungeon |   1130 |   1096 |     34 |    200 |    701 |   2 |  565.0 |
               +--------+--------+--------+--------+--------+-----+--------+

Top non-repeatable levels by time:
     D:1: 1030 daAuts
     D:2: 100 daAuts
